 Dungeon Crawl Stone Soup version 0.31-a0-948-gf5be29c462 (webtiles) character file.

Game seed: 10734337927763419817

57 Dirtsage the Chopper (level 3, -4/29 HPs)
             Began as a Demonspawn Fighter on Oct 21, 2023.
             Slain by a gnoll
             ... wielding a +0 flail
              (6 damage)
             ... on level 2 of the Dungeon.
             The game lasted 00:01:32 (971 turns).

Dirtsage the Chopper (Demonspawn Fighter)            Turns: 971, Time: 00:01:33

Health: -4/29      AC:  7    Str: 18    XL:     3   Next: 73%
Magic:  3/3        EV: 11    Int:  9    God:
Gold:   68         SH:  4    Dex: 12    Spells: 2/2 levels left

rFire   . . .        a - +0 war axe
rCold   . . .        c - +0 buckler
rNeg    . . .        b - +0 scale mail
rPois   .            (helmet restricted)
rElec   .            e - +0 cloak
rCorr   .            (no gloves)
SInv    .            (no boots)
Will    .....        (no amulet) Stlth
                     (no ring)
HPRegen 0.24/turn    (no ring)
MPRegen 0.08/turn

%: no passive effects
@: mighty
A: antennae 1, repulsion field 1
a: no special abilities


You were on level 2 of the Dungeon.
You visited 1 branch of the dungeon, and saw 2 of its levels.

You collected 68 gold pieces.

Inventory:

Hand Weapons
 a - a +0 war axe (weapon)
Armour
 b - a +0 scale mail (worn)
 c - a +0 buckler (worn)
 e - a +0 cloak (worn)
Magical Staves
 n - a staff of conjuration
Scrolls
 g - a scroll of silence {unknown}
 h - 2 scrolls of teleportation {unknown}
 j - 2 scrolls of identify {unknown}
 l - a scroll of noise {unknown}
 m - a scroll of immolation {unknown}
Potions
 d - 2 potions of might
 f - a potion of heal wounds {unknown}
 i - a potion of haste {unknown}
 k - a potion of brilliance {unknown}
 o - a potion of attraction {unknown}
 p - a potion of degeneration {unknown}


   Skills:
 - Level 3.0 Fighting
 + Level 3.7 Axes
 - Level 2.6 Armour
 - Level 2.6 Shields


You had 2 spell levels left.
You didn't know any spells.
Your spell library contained the following spells:

 Spells                   Type           Power      Damage    Failure   Level
 Blink                    Tloc           0%         N/A       94%         2
 Lesser Beckoning         Tloc           0%         N/A       94%         2
 Momentum Strike          Conj/Tloc      0%         3d8       94%         2


Dungeon Overview and Level Annotations

Branches:
Dungeon (2/15)

Altars:
Nemelex Xobeh


Innate Abilities, Weirdness & Mutations

You have a pair of small antennae on your head.
You are surrounded by a mild repulsion field. (EV +2)


Message History

You block the gnoll's attack.
Health restored: 29 You barely miss the gnoll.
The gnoll is severely wounded.
The gnoll hits you with a +0 spear. The gnoll barely misses you.
You take 5 damage, and have 24/29 hp.
You slash the gnoll!
You kill the gnoll!
The gnoll hits you with a +0 flail!
You take 8 damage, and have 16/29 hp.
MASSIVE DAMAGE!!
You barely miss the gnoll. The gnoll barely misses you.
You hit the gnoll.
The gnoll is lightly wounded.
The gnoll hits you but does no damage. The gnoll hits you with a +0 flail!
You take 7 damage, and have 10/29 hp.
MASSIVE DAMAGE!!
You closely miss the gnoll.
The gnoll is lightly wounded.
The gnoll hits you with a +0 flail.
* * * LOW HITPOINT WARNING * * *
You take 2 damage, and have 8/29 hp.
You closely miss the gnoll.
The gnoll is lightly wounded.
The gnoll hits you with a +0 flail.
* * * LOW HITPOINT WARNING * * *
You take 1 damage, and have 7/29 hp.
You feel very mighty all of a sudden. The gnoll hits you but does no damage.
You slash the gnoll!
The gnoll is severely wounded.
The gnoll hits you with a +0 flail.
* * * LOW HITPOINT WARNING * * *
The gnoll hits you with a +0 flail.
* * * LOW HITPOINT WARNING * * *
You take 6 damage, and have 1/29 hp.
MASSIVE DAMAGE!!
You slash the gnoll!
You kill the gnoll!
You slash the gnoll!
The gnoll is heavily wounded.
The gnoll hits you with a +0 flail.
You die...

~..P..##.#.#.....# ~P~~~~~
..P.#....#.#.....##P~~~~~≈
....#..###.#####.#..~~♣
..>.#..# #.# #..?##.♣
....#..# #.# #.###
....#... #.#####.#
###)#.#.. #....# #.#.##.
#.##g# ###.#.# .# #. #@#
....# # #.# ....# #.#
....# #.# ....# #.. ....#
#.## ....# #.# ....# #.#
...## ..#


You could see a gnoll.

Vanquished Creatures
  2 gnolls (D:2)
  A dart slug (D:1)
  4 ball pythons (D:1)
  7 bats
  2 endoplasms
  2 giant cockroaches (D:1)
  3 goblins
  3 hobgoblins (D:1)
  5 kobolds
  A quokka (D:1)
  A frilled lizard (D:2)
  4 rats
35 creatures vanquished.

Notes
Turn   | Place    | Note
-------+----------+-------------------------------------------
     0 | D:1      | Dirtsage the Demonspawn Fighter began the quest for the
                  | Orb.
     0 | D:1      | Reached XP level 1. HP: 18/18 MP: 1/1
   143 | D:1      | Gained mutation: You have a pair of small antennae on your
                  | head. [demonic ancestry]
   143 | D:1      | Reached XP level 2. HP: 23/24 MP: 2/2
   488 | D:1      | Gained mutation: You are surrounded by a mild repulsion
                  | field. (EV +2) [demonic ancestry]
   488 | D:1      | Reached XP level 3. HP: 25/29 MP: 3/3
   554 | D:1      | Found a faded altar of an unknown god.
   928 | D:2      | Found a sparkling altar of Nemelex Xobeh.
   969 | D:2      | HP: 1/29 [gnoll/+0 flail (2)]
   971 | D:2      | Slain by a gnoll

Illustrated notes

Levels and vault maps discovered:
D:1:      saegor_arrival_simple_e, layout_basic,
          hellmonk_ecumenical_altar_run_dry, chequers_serial_rivers_room_b,
          serial_bayou_pond_d, serial_bayou_pond_e, minivault_19,
          minmay_pentomino_z4
D:2:      layout_basic, basic_altar, serial_bayou_ford_a, minmay_misc_feat_room,
          serial_bayou_pond_a, uniq_jessica

Skill      XL: |  1  2 |
---------------+-------+-----
Axes           | 2 3 |  3.7
Fighting       | |  3.0
Armour         | |  2.6
Shields        | |  2.6

Action                     || total
---------------------------++-------
  Melee: War axe           ||    81
    Use: Potion            ||     1
 Armour: Scale mail        ||    67
  Dodge: Dodged            ||    26
  Block: Buckler           ||    16

Table legend: (Time is in decaauts)
 A = Elapsed time spent in this place.
 B = Non-inter-level travel time spent in this place.
 C = Inter-level travel time spent in this place.
 D = Time resting spent in this place.
 E = Time spent auto-exploring this place.
 F = Levels seen in this place.
 G = Mean time per level.
                   A        B        C        D        E       F      G
               +--------+--------+--------+--------+--------+-----+--------+
         Total |   1008 |    969 |     39 |      0 |    737 |   2 |  504.0 |
       Dungeon |   1008 |    969 |     39 |      0 |    737 |   2 |  504.0 |
               +--------+--------+--------+--------+--------+-----+--------+

Top non-repeatable levels by time:
     D:1: 777 daAuts
     D:2: 230 daAuts
